 Dungeon Crawl Stone Soup version 0.31-a0-1165-g196b491b36 (webtiles) character file.

Game seed: 16673302667364877168

142248 Pooter the Severer (level 16, -6/223 HPs)
             Began as a Minotaur Berserker on Dec 7, 2023.
             Was an Elder of Trog.
             Mangled by a 12-headed hydra (7 damage)
             ... on level 15 of the Dungeon on Dec 9, 2023.
             The game lasted 02:33:20 (46390 turns).

Pooter the Severer (Minotaur Berserker)            Turns: 46390, Time: 02:33:20

Health: -6/223     AC: 19    Str: 28    XL:     16   Next: 80%
Magic:  15/15      EV:  8    Int:  8    God:    Trog [****..]
Gold:   841        SH:  5    Dex: 18    Spells: 15/15 levels left

rFire   . . .        a - +8 executioner's axe (heavy)
rCold   . . .        (shield currently unavailable)
rNeg    + . .        e - +3 plate armour {Will+}
rPois   +            (helmet restricted)
rElec   .            n - scarf {repulsion}
rCorr   .            p - +0 pair of gloves
SInv    +            G - +2 pair of boots {Fly}
Will    +++..        y - amulet of the Rabble {Reflect rPois rN+ Will+ Int+4 SH+5} Stlth
                     S - ring of see invisible
HPRegen 0.57/turn    H - ring "Cocs" {rPois Dex+6}
MPRegen 0.14/turn

%: repel missiles, reflection
@: berserking, flying, studying Short Blades, very quick
A: horns 2, retaliatory headbutt
a: Renounce Religion, Berserk, Trog's Hand, Brothers in Arms


You were on level 15 of the Dungeon.
You worshipped Trog.
Trog was greatly pleased with you.
You visited 5 branches of the dungeon, and saw 24 of its levels.

You collected 2173 gold pieces.
You spent 1332 gold pieces at shops.

Inventory:

Hand Weapons
 a - a +8 heavy executioner's axe (weapon)
   (You took it off Rupert on level 3 of the Lair of Beasts)
 b - a +2 arbalest of flaming
   (You took it off a yaktaur on level 14 of the Dungeon)
 q - a -1 demon whip of venom
   (You took it off Amaemon on level 1 of the Lair of Beasts)
 r - a +1 broad axe of draining
   (You found it on level 1 of the Lair of Beasts)
 u - a +3 battleaxe of freezing
   (You took it off a wight on level 8 of the Dungeon)
 A - a +2 great mace
   (You took it off an orc knight on level 2 of the Orcish Mines)
 B - a +2 executioner's axe
   (Trog gifted it to you on level 2 of the Lair of Beasts)
 M - a +5 broad axe of protection
   (You found it on level 3 of the Lair of Beasts)
Missiles
 g - 5 silver javelins
 k - 31 boomerangs (quivered)
 Y - 5 throwing nets {!f}
Armour
 e - a +3 plate armour of willpower (worn)
   (You took it off an orc warlord on level 2 of the Orcish Mines)
 n - a scarf of repulsion (worn)
   (You found it on level 12 of the Dungeon)
 p - a +0 pair of gloves (worn)
   (You found it on level 1 of the Dungeon)
 s - a +1 cloak of preservation
   (You took it off Maurice on level 8 of the Dungeon)
 G - a +2 pair of boots of flying (worn)
   (You bought it in a shop on level 15 of the Dungeon)
 N - a +1 plate armour of cold resistance
   (You took it off an orc warrior on level 2 of the Orcish Mines)
 Z - a +2 chain mail of fire resistance
   (You took it off an orc on level 1 of the Orcish Mines)
Jewellery
 w - a ring of ice
   (You found it on level 6 of the Dungeon)
 x - a ring of willpower
   (You found it on level 3 of the Dungeon)
 y - the amulet of the Rabble (around neck) {Reflect rPois rN+ Will+ Int+4 SH+5}
   (You took it off a kobold brigand on level 10 of the Dungeon)

   [amulet of reflection]

   Reflect:   It reflects blocked missile attacks.
   Int+4:     It affects your intelligence (+4).
   rPois:     It protects you from poison rN+: It protects you from negative
   energy.
   Will+:     It increases your willpower.
   SH+5:      It affects your SH (+5).
 C - a ring of resist corrosion
   (You found it on level 3 of the Dungeon)
 F - a ring of protection from fire
   (You found it on level 5 of the Lair of Beasts)
 H - the ring "Cocs" (right hand) {rPois Dex+6}
   (You bought it in a shop on level 6 of the Dungeon)

   [ring of poison resistance]

   Dex+6:     It affects your dexterity (+6).
   rPois:     It protects you from poison
 P - a ring of poison resistance
   (You found it on level 3 of the Lair of Beasts)
 S - a ring of see invisible (left hand)
   (You found it on level 5 of the Dungeon)
 T - the ring "Tavuos" {Wiz rElec}
   (You found it on level 5 of the Lair of Beasts)

   [ring of wizardry]

   Wiz:       It improves your spell success rate.
   rElec:     It insulates you from electricity.
Wands
 f - a wand of flame (11)
   (You found it on level 11 of the Dungeon)
 o - a wand of roots (1)
   (You found it on level 4 of the Dungeon)
 D - a wand of digging (2)
   (You found it on level 9 of the Dungeon)
 E - a wand of mindburst (4)
   (You took it off Maurice on level 8 of the Dungeon)
 K - a wand of polymorph (3)
   (You found it on level 1 of the Lair of Beasts)
 W - a wand of charming (14)
   (You found it on level 5 of the Lair of Beasts)
Scrolls
 d - 4 scrolls of fog
 h - 3 scrolls of noise {!r}
 m - a scroll of poison {!r}
 t - 6 scrolls of teleportation {@r4}
 I - a scroll of blinking
 R - 3 scrolls of fear
Potions
 c - 4 potions of haste {@q3}
 i - a potion of magic {unknown}
 j - 2 potions of lignification {!q}
 l - 5 potions of mutation {!q}
 v - 3 potions of curing {@q1}
 z - 2 potions of heal wounds {@q2}
 O - 2 potions of enlightenment
 Q - a potion of invisibility
 U - 2 potions of attraction {!q}
 X - 2 potions of ambrosia
Miscellaneous
 J - a condenser vane
   (You found it on level 10 of the Dungeon)
 V - a box of beasts
   (You found it on level 5 of the Lair of Beasts)


   Skills:
 + Level 15.1 Fighting
 * Level 20.8(21.1) Axes
 - Level 5.9(14.9) Maces & Flails
 - Level 18.0 Ranged Weapons
 - Level 3.7 Armour
 - Level 2.1 Dodging
 - Level 5.0 Shields
 + Level 9.1 Evocations


You had 15 spell levels left.
You didn't know any spells.
Your spell library was empty.

Dungeon Overview and Level Annotations

Branches:
Dungeon (15/15) Zot: 26130  Temple (0/1) D:6            Lair (5/5) D:8 Zot: 17093
 Shoals (0/4) Lair:3        Snake (0/4) Lair:3        Slime (0/5) Lair:4
    Orc (2/2) D:9 Zot: 566     Elf (0/3) Orc:2        Vaults (0/5) D:14
 Depths (1/4) D:15 Zot: 5763    Hell (visited)
    Dis: Hell:1         Geh: Hell:1         Coc: Hell:1         Tar: Hell:1

Altars:
Kikubaaqudgha
Makhleb
Okawaru
Sif Muna
Vehumet
Wu Jian
Yredelemnul

Shops:
D:2 ?:[   D:3 (   D:4 =[   D:6 =   D:7 [   D:15 [   Orc:2 :*:(

Portals:
Hell: Lair:5
Trove: D:11 (give +1 gold dragon scales)

Annotations:
D:11 4 runed translucent doors
Hell Geryon


Innate Abilities, Weirdness & Mutations

You have a pair of horns on your head.
You reflexively headbutt those who attack you in melee.


Message History

* * * LOW HITPOINT WARNING * * *
You are engulfed in flames!!
* * * LOW HITPOINT WARNING * * *
The red ugly thing basks in the mutagenic energy from its kin and changes!
You block the 11-headed hydra's attack. The 11-headed hydra bites you.
* * * LOW HITPOINT WARNING * * *
The 11-headed hydra misses you. The 11-headed hydra bites you!
* * * LOW HITPOINT WARNING * * *
The 11-headed hydra bites you but does no damage.
The 11-headed hydra barely misses you.
The 11-headed hydra completely misses you.
The 11-headed hydra bites you!
* * * LOW HITPOINT WARNING * * *
The 11-headed hydra barely misses you.
The 11-headed hydra bites you but does no damage.
The 11-headed hydra bites you.
* * * LOW HITPOINT WARNING * * *
The red ugly thing tentacle-slaps you!
* * * LOW HITPOINT WARNING * * *
You are engulfed in flames!
* * * LOW HITPOINT WARNING * * *
You slice the red ugly thing!! You headbutt the red ugly thing!
You closely miss the red ugly thing. You barely miss the 11-headed hydra.
The red ugly thing kicks you but does no damage.
The 11-headed hydra bites you but does no damage.
You block the 11-headed hydra's attack.
The 11-headed hydra bites you but does no damage.
The 11-headed hydra barely misses you.
The 11-headed hydra bites you but does no damage.
The 11-headed hydra barely misses you.
The 11-headed hydra bites you but does no damage.
The 11-headed hydra barely misses you.
The 11-headed hydra bites you but does no damage.
The 11-headed hydra completely misses you.
The 11-headed hydra bites you.
* * * LOW HITPOINT WARNING * * *
The red ugly thing basks in the mutagenic energy from its kin and changes!
Unknown command.
You open the cyan ugly thing like a pillowcase!!!
You feel the power of Trog in you as your rage grows.
You kill the cyan ugly thing!
Trog accepts your kill.
You closely miss the red ugly thing.
You chop one of the 11-headed hydra's heads off!
The ten-headed hydra grows two more!
You slash the 12-headed hydra! You block the red ugly thing's attack.
The 12-headed hydra bites you!
* * * LOW HITPOINT WARNING * * *
The 12-headed hydra bites you but does no damage. x2
The 12-headed hydra bites you!
You die...

......# #...# ....#.#
#...#.........# ....#.#
#...#.........# ....#.#
#...#.........# ....#+#
#...#.........#
...##.###...#.........# ..#
...##...###.#...H.....# ..#.#
††.#......'.#..Duuu...# ###.#.#
..##..∩..##.####@######.. #.#.#.#
#.'......#..............#.#.#.#.#
..###...##...##..#........#.#...#
....###.#........#....... #.#...#
#######+#..............####.'...#
......................(#....#...#
.......................#.####...#
............####.......#.####...#
...÷........# #.......#.##.#...#


You could see a 12-headed hydra, 3 ugly things and a manticore.

Vanquished Creatures
  Rupert (Lair:3)
  A frost giant (D:15)
  2 orc warlords
  A stone giant (Depths:1)
  The ghost of Niosow the Cleaver, a journeyman FoFi of Jiyva (Lair:3)
  2 fire dragons (D:14)
  A vault guard (D:11)
  6 hydras
  A catoblepas (Lair:5)
  Harold (Lair:2)
  3 centaur warriors (D:14)
  6 boulder beetles
  8 two-headed ogres
  3 tengu warriors
  4 orc high priests (Orc:2)
  Amaemon (Lair:1)
  4 skysharks
  A sixfirhy (Lair:5)
  A deep troll (D:14)
  2 necromancers
  2 arcanists
  A deep elf archer (D:14)
  5 orc knights
  5 orc sorcerers
  3 deep elf pyromancers
  6 manticores
  5 cyclopes
  21 ugly things
  5 oklob plants (Lair:4)
  Maurice (D:8)
  3 kobold blastminers (Orc:2)
  7 black mambas
  A moth of wrath (Lair:4)
  10 elephants
  A smoke demon (Lair:5)
  4 orange demons
  5 cane toads
  An unseen horror (shapeshifter) (D:14)
  A torpor snail (Lair:2)
  A cane toad (shapeshifter) (D:14)
  A yaktaur (D:14)
  7 rime drakes
  An ice devil (Lair:5)
  2 kobold demonologists
  A rime drake (shapeshifter) (D:14)
  6 komodo dragons
  A tengu conjurer (D:14)
  2 red devils (Lair:5)
  A freezing wraith (D:14)
  A hornet (D:14)
  A queen bee (shapeshifter) (D:13)
  5 polar bears
  12 trolls
  A wind drake (Lair:3)
  2 tyrant leeches (Lair:4)
  A raiju (shapeshifter) (D:13)
  9 dream sheep
  19 blink frogs
  A centaur simulacrum (D:14)
  9 slime creatures
  A vampire (D:8)
  2 shadows (D:9)
  2 wraiths
  3 wyverns
  A human (shapeshifter) (D:14)
  61 yaks
  3 basilisks
  Grum (D:8)
  A basilisk (shapeshifter) (D:14)
  3 steam dragons
  8 vampire mosquitoes
  Menkaure (D:7)
  4 swamp worms (Lair:4)
  3 wargs
  4 hell hounds (Lair:5)
  27 water moccasins
  2 acid dragons
  A two-headed ogre zombie (D:9)
  An ice beast (D:5)
  45 orc warriors
  4 sky beasts
  A boggart (shapeshifter) (D:10)
  3 black bears
  16 wolves
  15 ogres
  4 centaurs
  A phantom (D:8)
  2 kobold brigands
  16 bullfrogs
  A necrophage (D:7)
  A gnoll sergeant (D:7)
  4 scorpions
  2 troll zombies (D:9)
  14 wights
  5 killer bees (D:10)
  4 electric eels (Lair:5)
  5 howler monkeys
  A centaur zombie (D:7)
  32 orc priests
  A hound (D:5)
  2 jellies
  A gnoll bouda (D:9)
  3 iguanas
  27 orc wizards
  Natasha (thrice) (D:2)
  2 polar bear simulacra (Lair:2)
  4 yak simulacra (Lair:2)
  2 wolf simulacra (Lair:2)
  5 ogre zombies (D:9)
  11 gnolls
  A river rat (Lair:2)
  6 adders
  A worm (D:2)
  4 dart slugs
  108 orcs
  8 endoplasms
  5 giant cockroaches
  5 gnoll zombies (D:9)
  8 goblins
  5 hobgoblins
  4 jackals (D:1)
  12 kobolds
  4 quokkas
  2 ball pythons
  3 bats
  7 frilled lizards
  4 gnoll skeletons (D:9)
  2 orc skeletons (D:9)
  14 orc zombies (D:9)
  8 rats
  3 river rat simulacra (Lair:2)
801 creatures vanquished.

Notes
Turn   | Place    | Note
-------+----------+-------------------------------------------
     0 | D:1      | Pooter the Minotaur Berserker began the quest for the Orb.
     0 | D:1      | Reached XP level 1. HP: 19/19 MP: 0/0
    44 | D:1      | Reached skill level 4 in Axes
    97 | D:1      | Reached XP level 2. HP: 27/27 MP: 1/1
   225 | D:1      | Reached XP level 3. HP: 33/33 MP: 2/2
   365 | D:1      | Reached ** piety under Trog
   706 | D:2      | Reached skill level 5 in Axes
   762 | D:2      | Found Loafaiph's Armour Shop.
   777 | D:2      | Noticed Natasha
   782 | D:2      | Killed Natasha
   783 | D:2      | Reached XP level 4. HP: 41/41 MP: 3/3
   785 | D:2      | Noticed Natasha
   790 | D:2      | Killed Natasha
   799 | D:2      | Found Xycoarch's Magic Scroll Shoppe.
   809 | D:2      | Bought a scroll of identify for 22 gold pieces
   809 | D:2      | Bought 2 scrolls of identify for 44 gold pieces
   850 | D:2      | Found Baiprurire's Book Boutique.
   881 | D:2      | Found Isakhlyily's General Store.
   972 | D:2      | Noticed Natasha
   980 | D:2      | Killed Natasha
   981 | D:2      | Reached skill level 5 in Fighting
   981 | D:2      | Reached skill level 6 in Axes
   981 | D:2      | Reached XP level 5. HP: 39/48 MP: 4/4
  1100 | D:2      | Bought a scroll of identify for 22 gold pieces
  1459 | D:2      | Bought a scroll of identify for 22 gold pieces
  1459 | D:2      | Bought a scroll of identify for 22 gold pieces
  1688 | D:3      | Found Plog's Antique Weapon Emporium.
  2199 | D:2      | Bought a scroll of poison for 44 gold pieces
  2245 | D:4      | Reached skill level 7 in Axes
  2245 | D:4      | Reached XP level 6. HP: 56/56 MP: 5/5
  2298 | D:4      | Found a radiant altar of Vehumet.
  2298 | D:4      | Found a shimmering blue altar of Sif Muna.
  2343 | D:4      | Found Wichamoe's Armour Shop.
  2446 | D:4      | Found Plog's Jewellery Shop.
  2451 | D:4      | Reached *** piety under Trog
  2831 | D:5      | Entered Level 5 of the Dungeon
  2848 | D:5      | Reached skill level 1 in Ranged Weapons
  2848 | D:5      | Reached skill level 1 in Shields
  2937 | D:5      | Reached XP level 7. HP: 59/63 MP: 6/6
  3017 | D:5      | Found an ornate altar of the Wu Jian Council.
  3028 | D:5      | Reached skill level 8 in Axes
  3539 | D:5      | Upgraded the game from 0.31-a0-1074-g0b22e4e0f1 to
                  | 0.31-a0-1165-g196b491b36
  3800 | D:6      | Reached skill level 1 in Maces & Flails
  4243 | D:6      | Found a staircase to the Ecumenical Temple.
  4273 | D:6      | Reached XP level 8. HP: 71/71 MP: 7/7
  4556 | D:6      | Found Jagel's Jewellery Shop.
  4934 | D:7      | Found Ubeikhlu's Armour Shop.
  4961 | D:7      | Found a transporter.
  4982 | D:7      | Found a transporter.
  4982 | D:7      | Found an ancient bone altar of Kikubaaqudgha.
  4986 | D:7      | Noticed Menkaure
  4992 | D:7      | Found a basalt altar of Yredelemnul.
  5105 | D:7      | Found the +8 Wrath of Trog {antimagic, *Rage Rampage}
  5106 | D:7      | Noticed a kobold demonologist
  5135 | D:6      | Killed a kobold demonologist
  5136 | D:6      | Reached skill level 9 in Axes
  5136 | D:6      | Reached skill level 5 in Ranged Weapons
  5311 | D:7      | Noticed a troll
  5321 | D:6      | Killed a troll
  5388 | D:7      | Reached XP level 9. HP: 79/79 MP: 8/8
  5392 | D:7      | Reached skill level 5 in Maces & Flails
  5821 | D:7      | Found an iron altar of Okawaru.
  5995 | D:7      | Killed Menkaure
  6834 | D:8      | Reached skill level 5 in Shields
  6927 | D:8      | Noticed Grum
  6929 | D:8      | Noticed Maurice
  6949 | D:8      | Killed Grum
  6950 | D:8      | Reached skill level 10 in Axes
  7005 | D:8      | Killed Maurice
  7267 | D:8      | Reached XP level 10. HP: 79/90 MP: 9/9
  7494 | D:8      | Found a staircase to the Lair.
  7518 | D:8      | Identified the +5 leather armour "Hemedaom" {+Inv rF+ Int+2
                  | Dex-2}
  7921 | D:8      | Reached skill level 11 in Axes
  8072 | D:9      | Reached **** piety under Trog
 10381 | D:9      | Found a staircase to the Orcish Mines.
 10998 | D:10     | Entered Level 10 of the Dungeon
 11004 | D:10     | Reached skill level 12 in Axes
 11528 | D:6      | Bought the ring "Cocs" {rPois Dex+6} for 475 gold pieces
 11830 | D:10     | Noticed a purple ugly thing
 11840 | D:10     | Killed a purple ugly thing
 11900 | D:10     | Reached skill level 10 in Ranged Weapons
 11918 | D:10     | Reached XP level 11. HP: 71/99 MP: 10/10
 12081 | D:10     | Identified the staff of Gozag, Piercing {rPois rF++ Poison}
 12081 | D:10     | Identified the amulet of the Rabble {Reflect rPois rN+
                  | Will+ Int+4 SH+5}
 12114 | D:10     | Reached skill level 10 in Fighting
 12292 | Orc:1    | Entered Level 1 of the Orcish Mines
 12915 | Orc:2    | Entered Level 2 of the Orcish Mines
 13609 | Orc:2    | Reached skill level 13 in Axes
 14145 | Orc:2    | Noticed a two-headed ogre
 14151 | Orc:2    | Killed a two-headed ogre
 14152 | Orc:2    | Reached skill level 1 in Evocations
 14231 | Orc:2    | Noticed a two-headed ogre
 14240 | Orc:2    | Killed a two-headed ogre
 15611 | Orc:1    | Noticed an orc sorcerer
 15619 | Orc:1    | Killed an orc sorcerer
 17661 | Orc:1    | You fall into a shaft and drop 1 floor!
 17662 | Orc:2    | Noticed an orc sorcerer
 17664 | Orc:2    | Noticed a sun demon
 17666 | Orc:2    | Killed an orc sorcerer
 17903 | Orc:2    | Noticed a two-headed ogre
 17911 | Orc:2    | Killed a two-headed ogre
 17912 | Orc:2    | Reached skill level 14 in Axes
 18731 | Orc:2    | Noticed an orc knight
 18738 | Orc:2    | Killed an orc knight
 19163 | Orc:2    | Reached XP level 12. HP: 108/108 MP: 11/11
 19189 | Orc:2    | Noticed an orc high priest
 19197 | Orc:2    | Killed an orc high priest
 19253 | Orc:2    | Noticed an orc high priest
 19261 | Orc:2    | Killed an orc high priest
 19409 | Orc:2    | Found Jiotur's Book Shoppe.
 19449 | Orc:2    | Noticed an orc high priest
 19868 | Orc:2    | Noticed an orc warlord
 19890 | Orc:1    | Killed an orc warlord
 20524 | Orc:2    | Noticed a two-headed ogre
 20532 | Orc:2    | Killed a two-headed ogre
 20533 | Orc:2    | Reached skill level 15 in Axes
 20817 | Orc:2    | Found Urchem's Book Boutique.
 20876 | Orc:2    | Found Cuigeq's Weapon Shop.
 21784 | Orc:2    | Found a staircase to the Elven Halls.
 22314 | Orc:2    | Found Okiw's General Store.
 22322 | Orc:2    | Bought a potion of enlightenment for 75 gold pieces
 22322 | Orc:2    | Bought a scroll of identify for 30 gold pieces
 22322 | Orc:2    | Bought a scroll of enchant weapon for 112 gold pieces
 22348 | Orc:2    | Noticed an orc high priest
 22354 | Orc:2    | Noticed an orc warlord
 22358 | Orc:2    | Killed an orc high priest
 22919 | Orc:2    | Killed an orc warlord
 23044 | Orc:2    | Glimpsed the power of Zot.
 23151 | Orc:2    | Reached XP level 13. HP: 118/118 MP: 12/12
 23233 | Orc:2    | Reached skill level 5 in Evocations
 23528 | Lair:1   | Entered Level 1 of the Lair of Beasts
 23540 | Lair:1   | Reached skill level 16 in Axes
 23661 | Lair:1   | Reached ***** piety under Trog
 23919 | Lair:1   | Noticed Maggie
 23921 | Lair:1   | Maggie changed into Maggie the water moccasin
 23921 | Lair:1   | Noticed Maggie
 23926 | Lair:1   | Killed Maggie the water moccasin
 24118 | Lair:1   | Noticed Amaemon
 24124 | Lair:1   | Killed Amaemon
 25132 | Lair:2   | Noticed Harold
 25141 | Lair:2   | Killed Harold
 25810 | Lair:2   | Received a gift from Trog
 26317 | Lair:3   | Reached skill level 17 in Axes
 28069 | Lair:3   | Noticed Rupert
 28082 | Lair:3   | Killed Rupert
 28557 | D:2      | Bought 3 scrolls of enchant weapon for 247 gold pieces
 28888 | Lair:3   | Found a runed translucent gate.
 28888 | Lair:3   | Found a runed translucent gate.
 28888 | Lair:3   | Found a runed translucent gate.
 28890 | Lair:3   | Noticed Niosow's ghost (journeyman FoFi)
 28892 | Lair:3   | Reached skill level 15 in Ranged Weapons
 28906 | Lair:3   | Killed Niosow's ghost
 29166 | Lair:3   | Reached XP level 14. HP: 101/129 MP: 13/13
 29238 | Lair:3   | Found a staircase to the Shoals.
 29250 | Lair:3   | Found a staircase to the Snake Pit.
 31194 | Lair:4   | Reached skill level 18 in Axes
 31468 | Lair:4   | Found a staircase to the Slime Pits.
 31867 | Lair:5   | Entered Level 5 of the Lair of Beasts
 34060 | Lair:5   | Reached skill level 19 in Axes
 34060 | Lair:5   | Reached XP level 15. HP: 137/137 MP: 14/14
 34312 | Lair:5   | Found a burning altar of Makhleb.
 34323 | Lair:5   | Identified the ring "Tavuos" {Wiz rElec}
 35812 | Lair:5   | Found a burning altar of Makhleb.
 35834 | Lair:5   | Reached XP level 16. HP: 75/146 MP: 15/15
 36038 | Lair:5   | Found a gateway to Hell.
 36049 | Hell     | Entered the Vestibule of Hell
 36049 | Hell     | Noticed Geryon
 37011 | D:11     | Found a portal to a secret trove of treasure.
 37029 | D:11     | Found a runed translucent door.
 37189 | D:11     | Found a runed translucent door.
 37203 | D:11     | Identified the +7 falchion of the Onslaught {flame, Fly
                  | rPois rCorr Str-4}
 37239 | D:11     | Found a runed translucent door.
 37341 | D:11     | Found a runed translucent door.
 37342 | D:11     | Noticed a storm dragon
 37728 | D:11     | Found the +5 Storm Queen's Shield {shock, Fly rElec}
 38675 | D:12     | Identified the +2 flail "Hellblazer" {heavy, Str+4 Dex-5}
 40883 | D:14     | Reached skill level 20 in Axes
 40964 | D:14     | Found a gate to the Vaults.
 45315 | D:15     | Entered Level 15 of the Dungeon
 45607 | D:15     | Found a staircase to the Depths.
 45625 | Depths:1 | Entered Level 1 of the Depths
 46016 | D:15     | Reached skill level 15 in Fighting
 46237 | D:15     | Found Pimau's Antique Armour Emporium.
 46248 | D:15     | Bought a pair of glowing boots for 217 gold pieces
 46388 | D:15     | HP: 11/223 [red ugly thing (14)]
 46390 | D:15     | HP: 1/223 [12-headed hydra (10)]
 46390 | D:15     | Mangled by a 12-headed hydra

Illustrated notes

Levels and vault maps discovered:
D:1:      wheals_arrival_linesprint, layout_rooms, patterned_corridor
D:2:      layout_rooms, serial_shops, shop_fountains, shop,
          nicolae_shop_window_shopping, shop, uniq_natasha
D:3:      layout_basic, serial_shops, shop
D:4:      layout_gridville, nicolae_overflow_two_pavilions, serial_shops,
          nicolae_shop_pleasant_corner_grove, shop
D:5:      layout_loops_ring, nicolae_wu_jian_immortal_techniques,
          serial_aquarium, aquarium_bridge_square [aquarium_subvault_balcony,
          aquarium_subvault_window, aquarium_subvault_bridge,
          aquarium_subvault_wall], aquarium_window_2, aquarium_window_3,
          aquarium_window_fake, aquarium_view_2a, aquarium_view_2d,
          aquarium_balcony_5a, aquarium_pool_1
D:6:      layout_loops_corners, minmay_temple_entry_overgrown, serial_shops,
          nicolae_shop_tiny_glass, grunt_ministairs_4, minmay_misc_feat_rows
D:7:      layout_cave_pools, gammafunk_temple_of_torment,
          mainiacjoe_overflow_brackets, serial_shops,
          nicolae_shop_hallway_stairs
D:8:      layout_loops_corners, lair_entry_dummy,
          chequers_hall_statues_corner_a, uniq_maurice, uniq_grum
D:9:      layout_rooms, zombieorc2_lemuel, special_room [special_room_orc],
          reono_crystal_passage, hangedman_misty_isle
D:10:     layout_roguey, minmay_pinched_square
D:11:     layout_long_grid, enter_trove_5, nicolae_guarded_unrand_storm_shield
D:12:     layout_big_octagon, lemuel_flame_loot_1
D:13:     layout_roguey
D:14:     minmay_the_grid_triangle_9x9_line_8_mashed
          [minmay_the_grid_triangle_9x9_odd_lines,
          minmay_the_grid_triangle_9x9_impossible_snake,
          minmay_the_grid_triangle_9x9_thin_v,
          minmay_the_grid_triangle_9x9_corruption,
          minmay_the_grid_triangle_9x9_warning,
          minmay_the_grid_triangle_9x9_semitri,
          minmay_the_grid_triangle_9x9_from_above,
          minmay_the_grid_triangle_9x9_prize_top_heavy], layout_irregular_city,
          david_vaults_4, grunt_decor_clamped
D:15:     grunt_enter_depths_snipers, layout_stronghold, minmay_misc_feat_chi,
          serial_shops, nicolae_shop_rolling_square
Lair:1:   layout_small_grid, st_stairs_5, lemuel_fruit_tree,
          lemuel_fruit_fields, uniq_maggie, uniq_amaemon
Lair:2:   layout_small_grid, eino_house_with_fridge, uniq_harold
Lair:3:   layout_cave_pods, minmay_shoals_entry_beasts,
          minmay_snake_entry_six_corridors, gammafunk_ghost_hydra_chop,
          small_statue_intersection, serial_bayou_shore_a,
          infiniplex_staircase_pool, grunt_megastairs_3, uniq_rupert
Lair:4:   layout_regular_city, minmay_slime_entry_oklob_enclosed, worms_lemuel,
          grunt_megastairs_2
Lair:5:   evil_forest, layout_misc_corridors, basic_altar, fungi_pond_lemuel,
          serial_bayou_lake_a
Orc:1:    layout_caves, guppyfry_library_mini
Orc:2:    pubby_orc_utopia
Depths:1: layout_roguey, enter_ziggurat_f, serial_glass, glass_columns_a,
          glass_columns_c, nicolae_qazlal_style_of_elements,
          grunt_hell_entry_dis_mu, nicolae_hepliaklqana_hazy_memory
Hell

Skill      XL: |  1  2  3  4  5  6  7  8  9 10 11 12 13 14 15 16 |
---------------+-------------------------------------------------+-----
Axes           | 4 5 6 7 8 9 10 12 14 15 17 19 20 | 20.8
Fighting       | 4 5 6 7 8 9 10 12 13 14 15 | 15.1
Ranged Weapons | 1 3 5 7 10 11 13 15 16 17 18 | 18.0
Shields        | 1 2 4 5 |  5.0
Maces & Flails | 1 4 5 |  5.9
Evocations     | 3 4 6 7 9 |  9.1
Armour         | 3 |  3.7
Dodging        | |  2.1

Action                     |  1- 3 |  4- 6 |  7- 9 | 10-12 | 13-15 | 16-18 || total
---------------------------+-------+-------+-------+-------+-------+-------++-------
  Melee: Hand axe          |    84 |    94 |    12 |       |       |       ||   190
         Headbutt          |     8 |    15 |    31 |    97 |    85 |    27 ||   263
         Punch             |       |     1 |       |       |       |       ||     1
         Trident           |       |       |    30 |       |       |       ||    30
         Great mace        |       |       |   111 |       |     5 |       ||   116
         Battleaxe         |       |       |    35 |   445 |   132 |       ||   612
         Executioner's axe |       |       |       |       |   209 |   150 ||   359
   Fire: Sling             |       |     6 |    49 |       |       |       ||    55
         Shortbow          |       |       |     2 |    94 |       |       ||    96
         Orcbow            |       |       |       |    50 |       |       ||    50
         Arbalest          |       |       |       |   202 |   302 |   157 ||   661
  Throw: Stone             |     4 |       |       |       |       |       ||     4
         Boomerang         |       |    10 |    19 |     6 |     7 |     9 ||    51
         Javelin           |       |     5 |       |     2 |       |       ||     7
         Dart              |       |       |     1 |       |       |       ||     1
 Invoke: Berserk           |     1 |     2 |     8 |    22 |     6 |     3 ||    42
         Trog's Hand       |       |       |     4 |    24 |    11 |     9 ||    48
         Brothers in Arms  |       |       |       |       |     1 |     1 ||     2
  Evoke: Wand              |       |       |     2 |    13 |     3 |     1 ||    19
         Condenser vane    |       |       |       |     2 |       |       ||     2
    Use: Scroll            |       |     9 |       |    14 |    11 |     7 ||    41
         Potion            |       |       |       |       |     1 |     3 ||     4
   Stab: Distracted        |       |       |       |       |       |     1 ||     1
         Invisible         |       |       |       |       |       |     1 ||     1
 Armour: Animal skin       |     8 |       |       |       |       |       ||     8
         Chain mail        |    64 |    82 |   142 |       |   471 |     6 ||   765
         Plate armour      |       |       |    90 |   590 |    22 |   285 ||   987
  Dodge: Dodged            |    45 |    37 |    75 |   195 |   186 |    78 ||   616
         Repelled          |       |       |       |       |       |     3 ||     3
  Block: Kite shield       |       |     7 |     8 |       |       |       ||    15
         Other             |       |       |       |    89 |    83 |    45 ||   217
         Reflection        |       |       |       |    11 |     1 |    12 ||    24

Table legend: (Time is in decaauts)
 A = Elapsed time spent in this place.
 B = Non-inter-level travel time spent in this place.
 C = Inter-level travel time spent in this place.
 D = Time resting spent in this place.
 E = Time spent auto-exploring this place.
 F = Levels seen in this place.
 G = Mean time per level.
                   A        B        C        D        E       F      G
               +--------+--------+--------+--------+--------+-----+--------+
         Total |  47321 |  45662 |   1659 |  26962 |  12681 |  24 | 1971.7 |
       Dungeon |  22743 |  21431 |   1312 |  10936 |   7580 |  15 | 1516.2 |
          Lair |  12906 |  12628 |    278 |   7203 |   4092 |   5 | 2581.2 |
  Orcish Mines |  11433 |  11364 |     69 |   8594 |   1008 |   2 | 5716.5 |
        Depths |    236 |    236 |      0 |    228 |      0 |   1 |  236.0 |
          Hell |      1 |      1 |      0 |      0 |      0 |   1 |    1.0 |
               +--------+--------+--------+--------+--------+-----+--------+

Top non-repeatable levels by time:
   Orc:2: 7822 daAuts
    D:14: 5564 daAuts
  Lair:5: 3902 daAuts
   Orc:1: 3611 daAuts
  Lair:3: 3551 daAuts
     D:9: 2882 daAuts
  Lair:4: 2574 daAuts
     D:8: 2129 daAuts
  Lair:2: 1786 daAuts
     D:6: 1445 daAuts
     D:7: 1390 daAuts
    D:12: 1374 daAuts
    D:11: 1317 daAuts
    D:10: 1154 daAuts
  Lair:1: 1091 daAuts
